 Dungeon Crawl Stone Soup version 0.30-a0-743-gbfdf073431 (webtiles) character file.

Game seed: 10764878878745746474

4718 jimonade the Thaumaturge (level 10, -1/67 HPs)
             Began as a Djinni Hedge Wizard on Feb 6, 2023.
             Was a Follower of Ashenzari.
             Slain by a wraith (5 damage)
             ... on level 10 of the Dungeon on Feb 7, 2023.
             The game lasted 00:35:40 (12624 turns).

jimonade the Thaumaturge (Djinni Hedge Wizard)     Turns: 12624, Time: 00:35:41

Health: -1/67      AC:  7    Str: 11    XL:     10   Next: 73%
Gold:   673        EV: 15    Int: 16    God:    Ashenzari [*.....] SH:  0 Dex: 15

rFire   + + .      SeeInvis .    a - +3 dagger
rCold   . . .      Faith    .    (no shield)
rNeg    . . .      Spirit   .    b - +0 robe "Perceptive Ennui" {Cun, Melee} (curse)
rPois   ∞          Reflect  .    c - +0 hat
rElec   .          Harm     .    i - +0 cloak
rCorr   .          Rampage  .    (no gloves)
Will    +....                    (boots unavailable)
Stlth   +++                      (no amulet)
HPRegen 0.31/turn                h - ring of the Unyielding Gaze {AC+4, Self, Cun} (curse)
MPRegen 0.00/turn                I - ring of protection from cold

@: flying, slowed, very slow
A: sickness immunity, fire resistance 2, cold vulnerability 1, float, innate
caster, HP casting, extra vitality 1
a: Renounce Religion, Curse Item, Shatter the Chains


You were on level 10 of the Dungeon.
You worshipped Ashenzari.
Ashenzari was aware of your devotion.
You visited 2 branches of the dungeon, and saw 11 of its levels.
You also visited: Sewer.

You collected 673 gold pieces.

Inventory:

Hand Weapons
 a - a +3 dagger (weapon)
 e - a +1 heavy hand axe
 G - a +0 dagger
 J - a +0 triple crossbow
 K - a +0 dagger
Missiles
 n - 34 poisoned darts
 H - a curare-tipped dart
 N - 3 silver boomerangs
Armour
 b - the cursed +0 robe "Perceptive Ennui" (worn) {Cun, Melee}

   It has a curse which improves the following skills: Cunning: Dodging and
   Stealth.
   Melee Combat: Short Blades, Long Blades, Axes, Maces & Flails, Polearms,
   Staves and Unarmed Combat.
 c - a +0 hat (worn)
 f - a +0 leather armour
 i - a +0 cloak (worn)
Magical Staves
 M - a staff of cold
Jewellery
 h - the cursed ring of the Unyielding Gaze (left hand) {AC+4, Self, Cun}
   (You found it on level 1 of the Dungeon)

   [ring of protection]

   AC:        It affects your AC (+4).
   It has a curse which improves the following skills: Introspection: Fighting
   and Spellcasting.
   Cunning:   Dodging and Stealth.
 y - a ring of fire
 I - a ring of protection from cold (right hand)
Wands
 d - a wand of flame (33)
 g - a wand of digging (6)
 m - a wand of light (17)
 B - a wand of polymorph (11)
 E - a wand of mindburst (11)
 O - a wand of paralysis (7)
Scrolls
 k - 8 scrolls of identify
 l - 7 scrolls of fog
 p - a scroll of blinking
 r - a scroll of summoning
 t - a scroll of teleportation
 u - a scroll of enchant weapon
 x - 2 scrolls of enchant armour
 F - a scroll of immolation
 P - a scroll of brand weapon
Potions
 j - 4 potions of mutation
 o - 3 potions of lignification
 q - 4 potions of curing
 s - 5 potions of heal wounds
 v - 2 potions of berserk rage
 w - 5 potions of brilliance
 z - 2 potions of attraction
 A - 2 potions of haste
 C - 2 potions of cancellation
 D - a potion of resistance
 L - a potion of invisibility


   Skills:
 + Level 3.1(3.9) Fighting
 + Level 4.1(5.0) Short Blades
 - Level 3.9 Throwing
 + Level 4.8(6.1) Dodging
 - Level 4.4(5.7) Stealth
 + Level 9.2(10.0) Spellcasting


You had 10 spell levels left.
You knew the following spells:

 Your Spells              Type           Power      Damage    Failure   Level
a - Magic Dart            Conj           100%       1d8       1%          1
b - Slow                  Hex            100%       N/A       1%          1
c - Blink                 Tloc           80%        N/A       1%          2
d - Call Imp              Summ           40%        N/A       1%          2
e - Mephitic Cloud        Conj/Pois/Air  40%        N/A       1%          3
f - Sting                 Tmut/Pois      100%       1d8       1%          1
g - Passwall              Tmut/Erth      33%        N/A       1%          2
h - Confusing Touch       Hex            40%        N/A       1%          3
i - Manifold Assault      Tloc           40%        N/A       1%          4
Your spell library was empty.

Dungeon Overview and Level Annotations

Branches:
Dungeon (10/15)            Temple (1/1) D:5           Sewer (visited)
   Lair: D:8-11         Orc: D:9-12

Altars:
Ashenzari
Cheibriados
Dithmenos
Fedhas
Gozag
Hepliaklqana
Makhleb
Nemelex Xobeh
Okawaru
Qazlal
Ru
Trog
Uskayaw
Xom
Yredelemnul
Zin
The Shining One

Shops:
D:5 [   D:7 ?

Annotations:
D:3 Grinder
D:5 exclusion: downstairs
D:6 1 runed translucent door, yumyumyeen's ghost, novice MiGl
D:7 3 runed translucent doors, mistaj's ghost, novice HOFi


Innate Abilities, Weirdness & Mutations

You are immune to sickness and miasma.
You are immune to poison.
Your flesh is very heat resistant. (rF++)
You are vulnerable to cold. (rC-)
You float through the air rather than walking.
You learn spells naturally, not from books.
Your magical power is your life essence.
You have superior vitality. (+4 MHP)


Message History

* * * LOW HITPOINT WARNING * * *
The wraith hits you.
* * * LOW HITPOINT WARNING * * *
Your shadow imp hits the wraith.
The wraith completely misses you.
Aiming: Magic Dart (safe; 1% risk of failure)
Press: ? - help, Q - select action, (/) - cycle Shift-Dir - straight line, f/p - wraith
Aim: a wraith (heavily damaged, ally target, 100% to hit)
The magic dart hits the wraith!
The wraith is severely damaged.
* * * LOW HITPOINT WARNING * * *
Your shadow imp hits the wraith but does no damage.
The wraith hits you but does no damage.
Your shadow imp hits the wraith but does no damage.
Aiming: Magic Dart (safe; 1% risk of failure)
Press: ? - help, Q - select action, (/) - cycle Shift-Dir - straight line, f/p - wraith
Aim: a wraith (severely damaged, not watching you, ally target, 100% to hit)
The magic dart hits the wraith but does no damage.
The wraith is severely damaged.
* * * LOW HITPOINT WARNING * * *
The wraith misses you.
Your shadow imp closely misses the wraith.
The wraith hits you but does no damage.
Aiming: Magic Dart (safe; 1% risk of failure)
Press: ? - help, Q - select action, (/) - cycle Shift-Dir - straight line, f/p - wraith
Aim: a wraith (severely damaged, ally target, 100% to hit)
The magic dart hits the wraith but does no damage.
The wraith is severely damaged.
* * * LOW HITPOINT WARNING * * *
Your shadow imp hits the wraith.
The wraith misses you.
Your shadow imp hits the wraith.
Aiming: Magic Dart (safe; 1% risk of failure)
Press: ? - help, Q - select action, (/) - cycle Shift-Dir - straight line, f/p - wraith
Aim: a wraith (almost destroyed, not watching you, ally target, 100% to hit)
The magic dart hits the wraith.
The wraith is almost destroyed.
* * * LOW HITPOINT WARNING * * *
The wraith hits you but does no damage.
Your shadow imp hits the wraith but does no damage.
The wraith hits you.
You die...

#########
##.#
..<†....#
###..#.#
.######.#
#....#.#
####.#
#....#.#
..##.#
#....#.#
#.##.#
#....#.#
#.##.#
#...5W#
.###.##.#
#.@.#
........#
##..#
####.####
#..# #.#
#).# ##.##
#..# #...#
#).# ##..#
#.)#######
###.#
#.[.......
##.#.#
##.#.#.##.


You could see a wraith (ally target) and a friendly shadow imp (summoned).

Vanquished Creatures
  A two-headed ogre (D:9)
  Maggie (D:7)
  2 water moccasins
  A sky beast (D:7)
  2 orc warriors
  3 black bears
  2 ice beasts
  2 ogres
  A phantom (D:5)
  A centaur (D:9)
  4 kobold brigands
  A bullfrog (D:8)
  2 scorpions
  2 wights (D:7)
  4 killer bees (D:8)
  A howler monkey (D:6)
  4 jellies (D:6)
  2 orc priests
  2 gnoll boudas
  3 hounds
  5 iguanas
  5 gnolls
  6 adders
  A shadow imp (D:6)
  A white imp (D:6)
  A worm (D:2)
  11 orcs
  6 ball pythons
  8 endoplasms
  2 giant cockroaches (D:1)
  9 goblins
  2 hobgoblins
  3 quokkas
  4 bats
  2 frilled lizards (D:1)
  10 kobolds
  5 rats
122 creatures vanquished.

Vanquished Creatures (collateral kills)
  A slime creature (D:6)
  A wraith (D:8)
  An ice beast (D:6)
  An orc warrior (D:8)
  An ogre (D:5)
  A kobold brigand (D:7)
  A bullfrog (D:7)
  A scorpion (D:9)
  A wight (D:7)
  3 hounds
  4 jellies
  An iron imp (D:4)
  2 orc wizards
  3 gnolls (D:6)
  3 adders (D:5)
  A shadow imp (D:8)
  9 orcs
  A bat (Sewer)
  6 endoplasms
  4 goblins (D:4)
  A hobgoblin (D:4)
  4 kobolds
51 creatures vanquished.

Vanquished Creatures (others)
  9 fungi
  A plant (D:5)
  9 toadstools (D:6)
19 creatures vanquished.

Grand Total: 192 creatures vanquished

Notes
Turn   | Place    | Note
-------+----------+-------------------------------------------
     0 | D:1      | jimonade the Djinni Hedge Wizard began the quest for the
                  | Orb.
     0 | D:1      | jimonade set off with the following spells memorised: Magic
                  | Dart, Slow, Blink, Call Imp, Mephitic Cloud.
     0 | D:1      | Reached XP level 1. HP: 15/15 MP: 0/0
    79 | D:1      | Reached XP level 2. HP: 20/21 MP: 0/0
   331 | D:1      | Reached XP level 3. HP: 20/25 MP: 0/0
   331 | D:1      | Learned a level 1 spell: Sting
   426 | D:1      | Reached skill level 3 in Spellcasting
   953 | D:2      | Reached XP level 4. HP: 22/31 MP: 0/0
  1224 | D:3      | Found a faded altar of an unknown god.
  1469 | D:3      | Reached XP level 5. HP: 34/35 MP: 0/0
  1469 | D:3      | Learned a level 2 spell: Passwall
  1478 | D:3      | Noticed Grinder
  1614 | D:4      | Found an opulent altar of Gozag.
  1665 | D:4      | Found a glowing drain.
  1681 | Sewer    | Entered a sewer
  1737 | Sewer    | Noticed a water moccasin
  1777 | Sewer    | Killed a water moccasin
  1778 | Sewer    | Reached skill level 1 in Short Blades
  1778 | Sewer    | Reached skill level 1 in Throwing
  1778 | Sewer    | Reached skill level 4 in Spellcasting
  1778 | Sewer    | Reached XP level 6. HP: 22/41 MP: 0/0
  1931 | D:4      | Found a snail-covered altar of Cheibriados.
  2218 | D:4      | Found an iron altar of Okawaru.
  2548 | D:4      | Noticed an ogre
  2584 | D:4      | Killed an ogre
  2792 | D:5      | Entered Level 5 of the Dungeon
  2828 | D:5      | Noticed an ogre
  2834 | D:5      | Killed an ogre
  2835 | D:5      | Reached XP level 7. HP: 40/46 MP: 0/0
  2835 | D:5      | Learned a level 3 spell: Confusing Touch
  2893 | D:5      | Found a staircase to the Ecumenical Temple.
  2902 | Temple   | Entered the Ecumenical Temple
  2987 | Temple   | Became a worshipper of Ashenzari the Shackled
  3117 | D:5      | Reached skill level 1 in Fighting
  3474 | D:5      | Found Douh's Antique Armour Shoppe.
  3631 | D:5      | Reached skill level 5 in Spellcasting
  3954 | D:5      | Reached XP level 8. HP: 40/52 MP: 0/0
  4527 | D:6      | Found a runed translucent door.
  4529 | D:6      | Noticed yumyumyeen's ghost (novice MiGl)
  5509 | D:6      | Reached XP level 9. HP: 48/58 MP: 0/0
  5509 | D:6      | Learned a level 4 spell: Manifold Assault
  5770 | D:6      | Reached skill level 6 in Spellcasting
  7860 | D:7      | Found a runed translucent gate.
  7861 | D:7      | Found a runed translucent gate.
  7861 | D:7      | Noticed mistaj's ghost (novice HOFi)
  7862 | D:7      | Found a runed translucent gate.
  7922 | D:7      | Found a hide-covered altar of Uskayaw.
  8151 | D:7      | Reached skill level 7 in Spellcasting
  8559 | D:7      | Found The Oracle's Delphic Readings.
  8630 | D:7      | Noticed a two-headed ogre
  9003 | D:7      | Found a sacrificial altar of Ru.
  9190 | D:7      | Noticed Maggie
  9223 | D:7      | Killed Maggie
  9224 | D:7      | Reached skill level 8 in Spellcasting
  9224 | D:7      | Reached XP level 10. HP: 47/65 MP: 0/0
  9310 | D:7      | Reached * piety under Ashenzari
 10308 | D:8      | Found a burning altar of Makhleb.
 10320 | D:8      | Found a glowing golden altar of the Shining One.
 10349 | D:8      | Found a shimmering altar of Xom.
 10455 | D:9      | Noticed a two-headed ogre
 10473 | D:9      | Killed a two-headed ogre
 11885 | D:9      | Reached skill level 9 in Spellcasting
 12074 | D:9      | Found a bloodstained altar of Trog.
 12082 | D:9      | Noticed a two-headed ogre
 12348 | D:10     | Entered Level 10 of the Dungeon
 12624 | D:10     | Slain by a wraith

Illustrated notes

Levels and vault maps discovered:
D:1:      spicycebolla_green_bress_n_ham_2, layout_basic
D:2:      layout_basic
D:3:      layout_basic, led_sif_pool, ebering_ecumenical_altar_sacrificial,
          uniq_grinder
D:4:      layout_loops_corners, chei_slow_surprise,
          mainiacjoe_overflow_brackets, okawaru_metal_pillars_1_2,
          portal_sewer_entry_d, minmay_ogre_servants
D:5:      layout_loops_corners, minmay_temple_entry_purple_smoke, serial_shops,
          nicolae_diamond_shop, saegor_snake_ambush
D:6:      cheibrodos_fertilizer, layout_loops_ring, ebering_ghost_sewer_d,
          chequers_serial_rivers_room_b
D:7:      layout_loops_cross, mainiacjoe_overflow_small_starburst,
          nicolae_uskayaw_dance_hall, ebering_ghost_rock_garden,
          nicolae_nh_oracle_at_delphi, uniq_maggie
D:8:      layout_loops_ring, minitemple, amcnicky_mini_pool_small,
          kennysheep_crisscross, palyth_stone_intersect
D:9:      layout_big_octagon, trog_three_pillars_becter,
          nicolae_wu_jian_wuxing_cycle, grunt_lair_entry_orc_guard_hut
D:10:     minmay_distorted_concentric_squares, layout_loops_corners,
          mainiacjoe_overflow_24_doors, hiddenorc2_lemuel, enter_bailey_2,
          billiards_dpeg, uniq_psyche
Temple:   eino_temple_lava

Skill      XL: |  1  2  3  4  5  6  7  8  9 10 |
---------------+-------------------------------+-----
Spellcasting   | 3 4 5 8 9 |  9.2
Stealth        | 2 4 |  4.4
Short Blades   | 1 2 3 4 |  4.1
Throwing       | 1 2 3 |  3.9
Dodging        | 3 4 |  4.8
Fighting       | 1 2 3 |  3.1

Action                     |  1- 3 |  4- 6 |  7- 9 | 10-12 || total
---------------------------+-------+-------+-------+-------++-------
  Melee: Dagger            |     5 |    50 |   292 |   131 ||   478
         Punch             |       |       |     4 |     5 ||     9
   Cast: Magic Dart        |    82 |    26 |    15 |    39 ||   162
         Mephitic Cloud    |       |     9 |    36 |    24 ||    69
         Call Imp          |       |    20 |   105 |    40 ||   165
         Slow              |       |     1 |     1 |     3 ||     5
         Confusing Touch   |       |       |    20 |     6 ||    26
         Sting             |       |       |     6 |       ||     6
         Manifold Assault  |       |       |    39 |     9 ||    48
         Blink             |       |       |     2 |       ||     2
 Invoke: Curse Item        |       |       |     1 |     1 ||     2
   Stab: Confused          |       |     3 |    32 |    10 ||    45
         Sleeping          |       |       |     3 |       ||     3
 Armour: Robe              |     5 |    26 |    52 |    21 ||   104
  Dodge: Dodged            |     8 |    36 |   123 |   100 ||   267

Table legend: (Time is in decaauts)
 A = Elapsed time spent in this place.
 B = Non-inter-level travel time spent in this place.
 C = Inter-level travel time spent in this place.
 D = Time resting spent in this place.
 E = Time spent auto-exploring this place.
 F = Levels seen in this place.
 G = Mean time per level.
                   A        B        C        D        E       F      G
               +--------+--------+--------+--------+--------+-----+--------+
         Total |  12600 |  12111 |    489 |   2217 |   6997 |  12 | 1050.0 |
       Dungeon |  12301 |  11819 |    482 |   2217 |   6817 |  10 | 1230.1 |
        Temple |     96 |     89 |      7 |      0 |     68 |   1 |   96.0 |
         Sewer |    202 |    202 |      0 |      0 |    112 |   1 |  202.0 |
               +--------+--------+--------+--------+--------+-----+--------+

Top non-repeatable levels by time:
     D:6: 3250 daAuts
     D:8: 2099 daAuts
     D:7: 1852 daAuts
     D:5: 1594 daAuts
     D:4: 1296 daAuts
     D:1: 585 daAuts
     D:2: 567 daAuts
     D:9: 401 daAuts
     D:3: 374 daAuts
    D:10: 278 daAuts
   Sewer: 202 daAuts
  Temple: 96 daAuts
